 Dungeon Crawl Stone Soup version 0.29.1-12-g30fa7ad0bf (webtiles) character file.

Game seed: 5554890834765958180

7242 H0rd4k the Martial Artist (level 11, -2/75 HPs)
             Began as an Octopode Artificer on Jan 9, 2023.
             Was an Initiate of Gozag.
             Slain by an orange demon (9 damage)
             ... led by Amaemon
             ... on level 10 of the Dungeon.
             The game lasted 00:17:46 (13544 turns).

H0rd4k the Martial Artist (Octopode Artificer)     Turns: 13544, Time: 00:17:46

Health: -2/75      AC:  5    Str: 15    XL:     11   Next: 12%
Magic:  20/20      EV: 13    Int: 17    God:    Gozag
Gold:   1077       SH:  0    Dex: 14    Spells: 23/23 levels left

rFire   + . .      SeeInvis +     - Unarmed
rCold   . . .      Faith    .   (no shield)
rNeg    + . .      Spirit   .   (helmet restricted)
rPois   .          Reflect  .   (no amulet)
rElec   .          Harm     .   t - ring "Redonoas" {rF+ rN+ Str+4 SInv}
rCorr   .          Rampage  .   x - +4 ring of protection
Will    .....                   (no ring)
Stlth   +++.......              (no ring)
HPRegen 0.22/turn               (no ring)
MPRegen 0.17/turn               (no ring)
                                (no ring)
                                (no ring)

@: weak-willed, gold aura
A: almost no armour, amphibious, 8 rings, camouflage 1, gelatinous body 1,
(nimble swimmer 1), tentacles
a: Renounce Religion, Potion Petition, Call Merchant, Bribe Branch


You were on level 10 of the Dungeon.
You worshipped Gozag.
Gozag was most pleased with you.
You visited 1 branch of the dungeon, and saw 10 of its levels.

You collected 1584 gold pieces.
You spent 448 gold pieces at shops.
You paid 59 gold pieces to Gozag.

Inventory:

Hand Weapons
 v - the +5 lochaber axe {reach-cleave, poleaxe}
   (You took it off an orc on level 5 of the Dungeon)

   It can be evoked to extend its reach, and strikes at all foes within reach,
   dealing less damage to those not targeted.
   It uses either Axes or Polearms skill, whichever is higher.
 z - a +6 dagger of freezing
Missiles
 e - 2 curare-tipped darts
 y - 35 poisoned darts (quivered)
 C - 2 throwing nets
Magical Staves
 o - a staff of conjuration
Jewellery
 t - the ring "Redonoas" (left tentacle) {rF+ rN+ Str+4 SInv}
   (You found it on level 4 of the Dungeon)

   [ring of positive energy]

   Str:       It affects your strength (+4).
   rF:        It protects you from fire.
   rN:        It protects you from negative energy.
   SInv:      It lets you see invisible.
 x - a +4 ring of protection (right tentacle)
Wands
 b - a wand of flame (4)
 q - a wand of roots (34)
 u - a wand of paralysis (6)
Scrolls
 f - 3 scrolls of vulnerability
 g - a scroll of blinking {unknown}
 h - a scroll of magic mapping {unknown}
 i - a scroll of enchant weapon
 j - 3 scrolls of immolation {unknown}
 k - 5 scrolls of noise {unknown}
 l - 4 scrolls of amnesia {unknown}
 m - 8 scrolls of teleportation {unknown}
 n - 2 scrolls of silence {unknown}
 p - 12 scrolls of identify {unknown}
 B - a scroll of poison {unknown}
Potions
 a - 2 potions of brilliance {unknown}
 c - a potion of degeneration {unknown}
 d - 4 potions of haste {unknown}
 r - a potion of magic {unknown}
 s - 4 potions of curing
 A - a potion of lignification {unknown}
 D - a potion of invisibility {unknown}
 E - a potion of might {unknown}


   Skills:
 * Level 7.5 Fighting
 + Level 4.4 Throwing
 - Level 2.3 Dodging
 - Level 1.3 Stealth
 + Level 12.2 Unarmed Combat
 * Level 6.6 Spellcasting
 - Level 3.2 Evocations


You had 23 spell levels left.
You didn't know any spells.
Your spell library contained the following spells:

 Spells                   Type           Power      Damage    Failure   Level
 Ensorcelled Hibernation  Hex/Ice        10%        N/A       19%         2
 Ozocubu's Armour         Ice            5%         N/A       36%         3
 Spider Form              Tmut/Pois      5%         N/A       36%         3
 Anguish                  Hex/Necr       2%         N/A       77%         4
 Fireball                 Conj/Fire      2%         3d4       98%         5
 Iskenderun's Battlesphe  Conj           5%         2d6       98%         5
 Conjure Ball Lightning   Conj/Air       2%         3x3d6     100%        6
 Orb of Destruction       Conj           2%         9d5       100%        7
 Ozocubu's Refrigeration  Ice            2%         4d8       100%        7


Dungeon Overview and Level Annotations

Branches:
Dungeon (10/15)            Temple (0/1) D:5            Lair (0/5) D:8
    Orc (0/2) D:9

Altars:
Gozag
Hepliaklqana
Kikubaaqudgha
Nemelex Xobeh
Trog
Uskayaw
Wu Jian

Shops:
D:7 =*[   D:8 *   D:9 *

Annotations:
D:2 exclusion: downstairs
D:5 3 runed translucent doors, exclusion: 3 doors, bworf's ghost, amateur MiHu
D:7 exclusion: downstairs
D:9 3 runed translucent doors, exclusion: 3 doors, Xenoroth98's ghost, journeyman MiBe


Innate Abilities, Weirdness & Mutations

You cannot wear most types of armour.
You are amphibious.
You can wear up to eight rings at the same time.
Your skin changes colour to match your surroundings (Stealth+).
Your rubbery body absorbs attacks. (AC +1, EV +1)
((You are camouflaged when in or above water. (Stealth+)))
You have tentacles for arms and can constrict up to eight enemies at once.


Message History

You feel much better.
You constrict Amaemon.
You feel very sick.
The scorpion stings you but does no damage. x2
Amaemon hits you with a -1 demon whip of venom.
Amaemon claws you. Amaemon tail-slaps you.
You are lethally poisoned!
Amaemon poisons you!
You tentacle-slap Amaemon.
Amaemon is severely wounded.
You constrict Amaemon.
You feel very sick.
The scorpion stings you but does no damage.
You bludgeon Amaemon! You squeeze Amaemon.
Amaemon is almost dead.
You constrict Amaemon.
You feel very sick.
Amaemon hits you with a -1 demon whip of venom!
* * * LOW HITPOINT WARNING * * *
You are more poisoned.
Amaemon claws you.
* * * LOW HITPOINT WARNING * * *
Amaemon closely misses you.
You bludgeon Amaemon!
Amaemon is almost dead.
You constrict Amaemon.
You kill Amaemon!
The scorpion disappears in a puff of smoke!
* * * LOW HITPOINT WARNING * * *
You feel extremely sick.
You feel better. The orange demon barely misses you.
As you read the scroll labelled ASIXZI YXZA, it crumbles to dust.
Magic quickly surges around you.
It was a scroll of vulnerability.
The orange demon stings you from afar.
* * * LOW HITPOINT WARNING * * *
As you read the scroll labelled REEWNU LAIT, it crumbles to dust.
It is a scroll of enchant weapon.
Your +5 dagger of freezing glows red for a moment.
The orange demon stings you from afar!
You die...
Your body crumbles into a pile of gold.

...4....................#.
..........................
#..###################..#.
# ........................
........................
........................
####4..##############..
#§.§# #.. #..@# #.. #..$#
.. ............... .
###########..## # #


You could see an orange demon (weak-willed).

Vanquished Creatures
  Amaemon (D:10)
  Pikel (D:7)
  A komodo dragon (D:8)
  An unseen horror zombie (D:8)
  A troll (D:9)
  A hornet (D:7)
  2 wyverns
  2 steam dragons (D:9)
  An acid dragon (D:8)
  2 wargs (D:9)
  3 water moccasins
  Duvessa (D:7)
  2 black bears (D:6)
  An ogre (D:6)
  2 sky beasts (D:6)
  A hornet zombie (D:7)
  An orc warrior (D:8)
  A lemure (D:7)
  3 centaurs
  A phantom (D:6)
  2 kobold brigands (D:9)
  4 wyvern zombies (D:8)
  3 necrophages (D:7)
  A gnoll sergeant (D:9)
  3 bullfrogs
  A scorpion (D:5)
  14 wights
  7 killer bees
  4 howler monkeys
  A bullfrog zombie (D:7)
  2 hounds (D:6)
  A jelly (D:7)
  2 centaur zombies (D:8)
  3 orc priests
  A human zombie (D:7)
  Terence (D:3)
  3 iguanas
  8 orc wizards
  2 mummies (D:7)
  3 howler monkey zombies
  10 gnolls
  4 adders
  A shadow imp (D:7)
  3 white imps (D:6)
  2 ufetubi
  4 dart slugs
  21 orcs
  7 ball pythons
  5 bats
  9 endoplasms
  4 giant cockroaches
  7 goblins
  7 hobgoblins
  11 jackals
  4 quokkas
  16 kobolds
  6 rats
216 creatures vanquished.

Vanquished Creatures (collateral kills)
  A bullfrog (D:7)
  2 wights (D:7)
  Dowan (D:7)
  A gnoll (D:5)
  An orc (D:7)
  A hobgoblin (D:3)
  A jackal (D:3)
8 creatures vanquished.

Vanquished Creatures (others)
  An orc wizard (D:9)
  2 gnolls (D:5)
  2 orcs (D:9)
  A fungus (D:9)
  27 plants
  4 withered plants (D:8)
37 creatures vanquished.

Grand Total: 261 creatures vanquished

Notes
Turn   | Place    | Note
-------+----------+-------------------------------------------
     0 | D:1      | H0rd4k the Octopode Artificer began the quest for the Orb.
     0 | D:1      | Reached XP level 1. HP: 13/13 MP: 1/1
   281 | D:1      | Found a faded altar of an unknown god.
   316 | D:1      | Reached XP level 2. HP: 18/18 MP: 1/3
   420 | D:1      | Reached skill level 1 in Spellcasting
  1199 | D:1      | Reached XP level 3. HP: 23/24 MP: 4/4
  1635 | D:2      | Reached skill level 1 in Unarmed Combat
  1769 | D:2      | Reached XP level 4. HP: 16/30 MP: 6/6
  2580 | D:3      | Reached skill level 2 in Unarmed Combat
  2905 | D:3      | Noticed Terence
  3255 | D:3      | Reached XP level 5. HP: 11/35 MP: 8/8
  3621 | D:3      | Killed Terence
  3711 | D:3      | Reached skill level 3 in Unarmed Combat
  4512 | D:4      | Identified the ring "Redonoas" {rF+ rN+ Str+4 SInv}
  4631 | D:4      | Found an opulent altar of Gozag.
  4639 | D:4      | Became a worshipper of Gozag Ym Sagoz the Greedy
  4887 | D:5      | Entered Level 5 of the Dungeon
  5346 | D:5      | Reached XP level 6. HP: 42/42 MP: 9/9
  5370 | D:5      | Reached skill level 4 in Unarmed Combat
  5806 | D:5      | Found a staircase to the Ecumenical Temple.
  5844 | D:5      | Found a runed translucent gate.
  5845 | D:5      | Found a runed translucent gate.
  5846 | D:5      | Found a runed translucent gate.
  5847 | D:5      | Noticed bworf's ghost (amateur MiHu)
  6087 | D:5      | Found a hazy altar of Hepliaklqana.
  6183 | D:5      | Reached XP level 7. HP: 45/46 MP: 10/10
  6528 | D:6      | Reached skill level 5 in Unarmed Combat
  6547 | D:6      | Found a hide-covered altar of Uskayaw.
  6833 | D:6      | Reached skill level 1 in Throwing
  6862 | D:7      | Found Qipeteol's Jewellery Emporium.
  7013 | D:7      | Bought a +4 ring of protection for 360 gold pieces
  7140 | D:7      | Noticed Pikel
  7150 | D:7      | Killed Pikel
  7151 | D:7      | Reached skill level 6 in Unarmed Combat
  7151 | D:7      | Reached XP level 8. HP: 54/54 MP: 11/13
  7199 | D:7      | Found Fer Kynk's Assorted Antiques.
  7243 | D:7      | Reached skill level 5 in Fighting
  7243 | D:7      | Reached skill level 7 in Unarmed Combat
  7365 | D:7      | Noticed a wyvern
  7371 | D:7      | Noticed a hornet
  7374 | D:7      | Killed a wyvern
  7378 | D:7      | Noticed Duvessa
  7390 | D:7      | Killed Dowan
  7391 | D:7      | Reached XP level 9. HP: 49/61 MP: 15/15
  7438 | D:7      | Reached skill level 8 in Unarmed Combat
  7442 | D:7      | Killed Duvessa
  7711 | D:7      | Found Jojiehuo's Antique Armour Emporium.
  7748 | D:7      | Found a bloodstained altar of Trog.
  7761 | D:7      | Killed a hornet
  7938 | D:7      | Found an ancient bone altar of Kikubaaqudgha.
  8183 | D:8      | Noticed an angel
  8188 | D:8      | Found Xodghoent's Hallowed Reliquary.
  8192 | D:8      | Bought a potion of curing for 33 gold pieces
  8192 | D:8      | Bought a potion of heal wounds for 55 gold pieces
  8347 | D:8      | Reached skill level 9 in Unarmed Combat
  8347 | D:8      | Reached skill level 5 in Spellcasting
  8682 | D:8      | Reached XP level 10. HP: 18/69 MP: 16/18
  8688 | D:8      | Reached skill level 10 in Unarmed Combat
  9390 | D:8      | Found a staircase to the Lair.
  9618 | D:9      | Found a runed translucent gate.
  9618 | D:9      | Found a runed translucent gate.
  9618 | D:9      | Found a runed translucent gate.
  9618 | D:9      | Noticed a kobold demonologist
  9619 | D:9      | Noticed Xenoroth98's ghost (journeyman MiBe)
  9642 | D:9      | Noticed a kobold demonologist
 10201 | D:9      | Found a staircase to the Orcish Mines.
 10256 | D:9      | Found a sparkling altar of Nemelex Xobeh.
 10550 | D:9      | Reached skill level 11 in Unarmed Combat
 10913 | D:9      | Found Fiwnynew's General Store.
 10976 | D:9      | Found an ornate altar of the Wu Jian Council.
 12994 | D:8      | Reached XP level 11. HP: 75/75 MP: 20/20
 13023 | D:10     | Entered Level 10 of the Dungeon
 13158 | D:10     | Noticed Amaemon
 13278 | D:10     | Reached skill level 12 in Unarmed Combat
 13541 | D:10     | Killed Amaemon
 13544 | D:10     | Slain by an orange demon

Illustrated notes

Levels and vault maps discovered:
D:1:      saegor_arrival_under_anarchy, layout_basic,
          shapermc_ecumenical_altar_pompeii, st_stairs_5,
          corexii_item_surrounded_by_moat
D:2:      layout_basic
D:3:      layout_basic, chequers_serial_rivers_small_3, uniq_terence
D:4:      layout_basic, grunt_gozag_statues
D:5:      layout_cave_pods, lemuel_coloured_pillars_altar,
          minmay_temple_entry_enclosed_plants, biasface_ghost_orc_armoury,
          kennysheep_crisscross
D:6:      layout_basic, amcnicky_altar_gilded
D:7:      layout_cave_pools, lemuel_mausoleum_altar_kikubaaqudgha,
          kennysheep_little_box, serial_shops, nicolae_shop_behind_doors,
          nicolae_shop_hallway_stairs, nicolae_shop_waterfront,
          minmay_starry_boxes, uniq_pikel, uniq_duvessa
D:8:      layout_basic, david_lair_shrubbed, serial_undead, serial_undead_b,
          serial_undead_a, serial_undead_c, serial_undead_f, nicolae_good_shop
D:9:      layout_loops_ring, nemelex_xobeh_ov_fountains_minmay,
          nicolae_wu_jian_immortal_techniques, minmay_orc_entry_guard_dogs,
          gammafunk_ghost_nasty_kobolds, nicolae_take_the_stairs,
          chequers_serial_rivers_marsh, minmay_misc_feat_room, minivault_16
D:10:     layout_long_grid, serial_glass, glass_columns_a, glass_columns_a,
          kennysheep_kite_vault, uniq_amaemon, uniq_josephine

Skill      XL: |  1  2  3  4  5  6  7  8  9 10 11 |
---------------+----------------------------------+-----
Spellcasting   | 1 2 3 4 5 6 |  6.6
Fighting       | 2 3 4 5 6 7 |  7.5
Unarmed Combat | 1 2 3 4 6 7 9 11 12 | 12.2
Throwing       | 2 3 4 |  4.4
Dodging        | |  2.3
Stealth        | |  1.3
Evocations     | |  3.2

Action                   |  1- 3 |  4- 6 |  7- 9 | 10-12 || total
-------------------------+-------+-------+-------+-------++-------
Melee: Unarmed           |    86 |   152 |   148 |   221 ||   607
       Constrict         |    19 |    49 |    33 |    28 ||   129
       Tentacles         |    21 |    27 |    47 |    71 ||   166
       Punch             |     5 |     8 |    15 |    16 ||    44
Throw: Dart              |       |     7 |    16 |    23 ||    46
Evoke: Wand              |     1 |    19 |    16 |     5 ||    41
  Use: Potion            |       |       |     1 |     3 ||     4
       Scroll            |       |       |       |     2 ||     2
 Stab: Sleeping          |    11 |     5 |    10 |     3 ||    29
       Paralysed         |       |       |    12 |     2 ||    14
       Distracted        |       |       |       |     2 ||     2
Armor: Skin              |    10 |     9 |    23 |    38 ||    80
Dodge: Dodged            |    42 |   112 |    69 |   112 ||   335
